 Dungeon Crawl Stone Soup version 0.28.0-53-g5a82cb258f (webtiles) character file.

Game seed: 72122473742278047

38 Peloso the Covered (level 3, 0/33 HPs)
             Began as a Minotaur Fighter on July 2, 2022.
             Slain by a gnoll
             ... wielding a +0 halberd
              (4 damage)
             ... on level 2 of the Dungeon.
             The game lasted 00:03:09 (1673 turns).

Peloso the Covered (Minotaur Fighter)               Turns: 1673, Time: 00:03:10

Health: 0/33       AC: 10    Str: 18 (20) XL:     3   Next: 25%
Magic:  2/2        EV:  7    Int:  2 (5)  God:
Gold:   47         SH:  4    Dex:  8 (11) Spells: 2/2 levels left

rFire   . . .      SeeInvis .   a - +1 long sword
rCold   . . .      Faith    .   c - +0 buckler
rNeg    . . .      Spirit   .   g - +0 chain mail
rPois   .          Reflect  .   (helmet restricted)
rElec   .          Harm     .   i - +0 cloak
rCorr   .          Rampage  .   (no gloves)
Will    .....                   (no boots)
Stlth   ..........              (no amulet)
HPRegen 0.11/turn               (no ring)
MPRegen 0.08/turn               (no ring)

@: no status effects
A: horns 2, retaliatory headbutt, claws 1
a: no special abilities


You were on level 2 of the Dungeon.
You visited 1 branch of the dungeon, and saw 3 of its levels.

You collected 47 gold pieces.

Inventory:

Hand Weapons
 a - a +1 long sword (weapon)
Armour
 b - a +0 scale mail
 c - a +0 buckler (worn)
 g - a +0 chain mail (worn)
 i - a +0 cloak (worn)
Scrolls
 f - a scroll of holy word {unknown}
 h - a scroll of teleportation {unknown}
Potions
 d - 2 potions of might
 e - a potion of resistance


   Skills:
 + Level 4.0 Fighting
 + Level 3.1 Long Blades
 + Level 4.3 Armour
 + Level 0.4 Dodging
 + Level 3.9 Shields


You had 2 spell levels left.
You didn't know any spells.
Your spell library was empty.

Dungeon Overview and Level Annotations

Branches:
Dungeon (3/15)

Altars:
Uskayaw


Innate Abilities, Weirdness & Mutations

You have a pair of horns on your head.
You reflexively headbutt those who attack you in melee.
You have sharp fingernails.


Message History

The gnoll hits you but does no damage.
There is a stone staircase leading up here.
You see here a throwing net.
The gnoll hits you from afar with a +0 halberd.
You block the gnoll's attack. You block the gnoll's attack.
The gnoll hits you from afar with a +0 spear.
You climb upwards.
There is a stone staircase leading down here.
You start resting.
HP restored.
You climb downwards.
The gnoll hits you but does no damage. x2
There is a stone staircase leading up here.
You see here a throwing net.
The gnoll closely misses you. You block the gnoll's attack.
You climb upwards.
There is a stone staircase leading down here.
There is a stone staircase leading down here.
You climb downwards.
The gnoll hits you from afar with a +0 halberd.
There is a stone staircase leading up here.
You see here a throwing net.
The gnoll hits you with a +0 halberd. The gnoll hits you with a +0 halberd!
You hit the gnoll but do no damage. Your headbutt misses the gnoll.
The gnoll hits you with a +0 halberd. The gnoll hits you but does no damage.
The gnoll hits you from afar with a +0 spear.
The gnoll barely misses you. The gnoll hits you with a +0 halberd.
There is a stone staircase leading up here.
You see here a throwing net.
The gnoll hits you from afar with a +0 halberd.
* * * LOW HITPOINT WARNING * * *
The gnoll hits you with a +0 halberd.
* * * LOW HITPOINT WARNING * * *
The gnoll hits you but does no damage.
You climb upwards.
There is a stone staircase leading down here.
It was a potion of mutation.
You feel extremely strange.
Your fingernails lengthen.
The gnoll hits you with a +0 halberd.
You die...

#..##.##.###..##...†.#
#..##.##..#.####..##.#
######..##.##.#.#####..##.#
....##..##.##<.........##.#
###.##..##.####.######.##.#
#.............).........#
######..##.##.##.......####
...###..##.##.##g#######
##..............@#
#################


You could see a gnoll.

Vanquished Creatures
  2 worms (D:2)
  6 bats
  An endoplasm (D:1)
  A giant cockroach (D:2)
  2 goblins (D:2)
  5 hobgoblins
  4 kobolds
  A quokka (D:1)
  2 ball pythons
  2 frilled lizards
  5 rats
31 creatures vanquished.

Notes
Turn   | Place    | Note
-------+----------+-------------------------------------------
     0 | D:1      | Peloso the Minotaur Fighter began the quest for the Orb.
     0 | D:1      | Reached XP level 1. HP: 19/19 MP: 0/0
   326 | D:1      | Reached XP level 2. HP: 27/27 MP: 1/1
   992 | D:2      | Found a faded altar of an unknown god.
  1124 | D:2      | Reached XP level 3. HP: 30/33 MP: 2/2
  1189 | D:2      | Found a hide-covered altar of Uskayaw.
  1673 | D:2      | Gained mutation: You have sharp fingernails. [potion of
                  | mutation]
  1673 | D:2      | Slain by a gnoll

Illustrated notes

Levels and vault maps discovered:
D:1:      mrwooster_arrival_statue, layout_loops_corners, serial_forest,
          infiniplex_forest_clump_diagonal, infiniplex_forest_clump_diagonal,
          infiniplex_forest_end_3, infiniplex_forest_clump_diagonal,
          infiniplex_forest_join, infiniplex_forest_lined_room_3,
          infiniplex_forest_clump_curved
D:2:      layout_loops_ring, basic_altar, chequers_ecumenical_altar_simple_redux
D:3:      layout_basic, trog_book, serial_shops, shop, kennysheep_pointless_box,
          uniq_sigmund

Skill      XL: |  1  2 |
---------------+-------+-----
Armour         | 4 |  4.3
Fighting       | 4 |  4.0
Long Blades    | 3 |  3.1
Dodging        | |  0.4
Shields        | |  3.9

Action                   || total
-------------------------++-------
Melee: Long sword        ||    82
       Headbutt          ||     6
  Use: Potion            ||     3
       Scroll            ||     2
Armor: Scale mail        ||    37
       Chain mail        ||    14
Dodge: Dodged            ||    51
Block: Buckler           ||    29
